 Dungeon Sprint DCSS version 0.21-a0-52-gbf49515 (webtiles) character file.

3552 Kidiri the Grappler (level 9, -1/101 HPs)
             Began as a Troll Monk on June 13, 2017.
             Was a High Priest of Wu Jian.
             Slain by Ybext the pandemonium lord (12 damage)
             ... in the Dungeon (Sprint V: "Ziggurat Sprint").
             The game lasted 00:05:56 (424 turns).

Kidiri the Grappler (Troll Monk)                     Turns: 424, Time: 00:05:57

Health: -1/101     AC: 23    Str: 27    XL:     9   Next: 83%
Magic:  8/8        EV:  3    Int:  6    God:    Wu Jian [*****.]
Gold:   0          SH: 29    Dex: 21    Spells: 8/8 levels left

rFire    + . .     SeeInvis .     - Unarmed
rCold    + . .     Gourm    +   a - +18 shield of the Gong {rElec rN+ MR+ EV-5}
rNeg     + . .     Faith    .   H - +5 gold dragon scales
rPois    +         Spirit   .   (helmet restricted)
rElec    +         Reflect  .   (no cloak)
rCorr    .         Harm     .   (gloves unavailable)
MR       +....     NoTele   +   (boots unavailable)
Stlth    ..........             (no amulet)
Regen    0.7/turn               x - +6 ring of dexterity
MPRegen  0.2/turn               B - +6 ring of strength

@: exhausted, glowing, heavenly storm
A: unfitting armour, claws 3, fast metabolism 3, gourmand, regeneration 1,
shaggy fur 1, tough skin 2
a: Serpent's Lash, Heavenly Storm, Renounce Religion


You were in the Dungeon.
You worshipped Wu Jian.
Wu Jian was extremely pleased with you.
You were very full.

You visited 1 branch

Inventory:

Armour
 a - the +18 shield of the Gong (worn) {rElec rN+ MR+ EV-5}
   (You found it in the Dungeon)

   It affects your evasion (-5).
   It insulates you from electricity.
   It protects you from negative energy.
   It affects your resistance to hostile enchantments.
 z - a +0 robe
 H - +5 gold dragon scales (worn)
Jewellery
 x - a +6 ring of dexterity (left claw)
 y - a +6 ring of dexterity
 B - a +6 ring of strength (right claw)
 C - a +6 ring of strength
Wands
 D - a wand of disintegration (7/24)
 E - a wand of iceblast (5/15)
 F - a wand of lightning (5/15)
 G - a wand of acid (4/15)
Scrolls
 h - 4 scrolls of blinking
 o - 4 scrolls of amnesia
 p - 3 scrolls of recharging
 q - 7 scrolls of fog
 r - a scroll of holy word
 s - 5 scrolls of identify
 t - 5 scrolls of remove curse
 u - 2 scrolls of fear
Potions
 c - 10 potions of curing
 d - 9 potions of heal wounds
 e - 6 potions of haste
 f - 7 potions of magic
 g - 2 potions of berserk rage
 i - 2 potions of brilliance
 j - 2 potions of invisibility
 k - 4 potions of resistance
 m - 4 potions of agility
 n - 5 potions of might
Comestibles
 b - 6 bread rations
 v - 42 fruits
 w - 4 meat rations
 A - 2 chunks of flesh


   Skills:
 * Level 10.1 Fighting
 + Level 6.7 Armour
 * Level 10.1 Dodging
 - Level 1.7 Stealth
 + Level 6.6 Shields
 * Level 11.8 Unarmed Combat


You had 8 spell levels left.
You didn't know any spells.

Dungeon Overview and Level Annotations

Branches:
Dungeon (1/1)

Altars:
Ashenzari
Cheibriados
Dithmenos
Elyvilon
Fedhas
Gozag
Hepliaklqana
Kikubaaqudgha
Makhleb
Nemelex Xobeh
Okawaru
Qazlal
Ru
Sif Muna
Trog
Uskayaw
Vehumet
Wu Jian
Xom
Yredelemnul
Zin
The Shining One
Beogh
Jiyva
Lugonu


Innate Abilities, Weirdness & Mutations

You are too large for most types of armour.
You have claws for hands.
Your metabolism is lightning-fast.
You like to eat raw meat.
Your natural rate of healing is unusually fast.
You are covered in fur. (AC +1)
You have very tough skin. (AC +2)


Message History

You eviscerate Ybext!!!
Ybext is moderately wounded.
You closely miss Ybext.
Ybext is moderately wounded.
ZOOOM!
You attack Ybext from above.
Your gold dragon scales prevents you from hitting Ybext.
Ybext is moderately wounded.
You block Ybext's attack.
PTOANNNG!
You block Ybext's attack.
PANG!
You attack Ybext from above.
You miss Ybext.
Ybext is moderately wounded.
You block Ybext's attack.
GONNNNG!
Ybext hits you!!!
* * * LOW HITPOINT WARNING * * *
Space warps horribly around you!
You die...

▓▓▓▓▓▓▓▓▓▓▓▓▓▓▓▓▓▓▓
▓..8©8..▓ ▓..)))..▓
▓..=)...▓ ▓.......▓
▓...§§..▓ ▓§§§§§§§▓
▓§§§§§§§▓ ▓.▓§&@▓§▓
▓§§§§§§§▓ ▓▓▓▓▓▓▓▓▓


You could see Ybext.

Vanquished Creatures
  A white draconian (D)
  3 draconians (D)
  3 jumping spiders (D)
  A tarantella (D)
  A spriggan (D)
  A chaos spawn (D)
  2 black bears (D)
  A wolf (D)
  A scorpion (D)
  2 crimson imps (D)
  A quasit (D)
  2 iron imps (D)
  An adder (D)
  A shadow imp (D)
  An ufetubus (D)
  A ball python (D)
23 creatures vanquished.

Vanquished Creatures (others)
  Urug (D)
  Menkaure (D)
2 creatures vanquished.

Grand Total: 25 creatures vanquished

Notes
Turn   | Place    | Note
-------+----------+-------------------------------------------
     0 | D        | Kidiri the Troll Monk began the quest for the Orb.
     0 | D        | Reached XP level 1. HP: 22/22 MP: 0/0
     0 | D        | Found a deep blue altar of Sif Muna.
     0 | D        | Found a sacrificial altar of Ru.
     0 | D        | Found a bloodstained altar of Trog.
     0 | D        | Found a stormy altar of Qazlal.
     0 | D        | Found an iron altar of Okawaru.
     0 | D        | Found a sparkling altar of Nemelex Xobeh.
     0 | D        | Found a blossoming altar of Fedhas.
     2 | D        | Found a transporter.
     2 | D        | Found an ancient bone altar of Kikubaaqudgha.
     2 | D        | Found a viscous altar of Jiyva.
     2 | D        | Found a corrupted altar of Lugonu.
     2 | D        | Found a hazy altar of Hepliaklqana.
     2 | D        | Found a burning altar of Makhleb.
     2 | D        | Found an opulent altar of Gozag.
    65 | D        | Became a worshipper of the Wu Jian Council
    65 | D        | Reached * piety under Wu Jian
    65 | D        | Reached ** piety under Wu Jian
    99 | D        | Reached skill level 1 in Armour
    99 | D        | Reached skill level 1 in Shields
    99 | D        | Reached skill level 4 in Unarmed Combat
    99 | D        | Reached XP level 2. HP: 32/32 MP: 1/1
   104 | D        | Entered arena 2.
   104 | D        | Found a transporter.
   109 | D        | Got the ring of Kurphit {+Fly rF- rN+ AC+4}
   113 | D        | Entered arena 3.
   113 | D        | Noticed a crimson imp
   113 | D        | Noticed a crimson imp
   113 | D        | Found a transporter.
   117 | D        | Killed a crimson imp
   117 | D        | Reached skill level 5 in Unarmed Combat
   117 | D        | Reached XP level 3. HP: 36/40 MP: 2/2
   120 | D        | Reached *** piety under Wu Jian
   120 | D        | Reached XP level 4. HP: 45/49 MP: 3/3
   122 | D        | Reached skill level 5 in Fighting
   122 | D        | Reached skill level 5 in Dodging
   122 | D        | Reached skill level 6 in Unarmed Combat
   139 | D        | Entered arena 4.
   139 | D        | Noticed a wolf
   139 | D        | Noticed a spriggan
   139 | D        | Noticed a black bear
   139 | D        | Noticed a black bear
   139 | D        | Found a transporter.
   145 | D        | Killed a spriggan
   145 | D        | Reached skill level 7 in Unarmed Combat
   145 | D        | Reached XP level 5. HP: 54/59 MP: 4/4
   145 | D        | Reached XP level 6. HP: 61/67 MP: 5/5
   147 | D        | Reached **** piety under Wu Jian
   147 | D        | Reached skill level 8 in Unarmed Combat
   150 | D        | Reached XP level 7. HP: 71/76 MP: 6/6
   164 | D        | Got the ring of Qecwur {*Corrode rPois rN+ Dex+2}
   166 | D        | Got the ring of Qecin {rN+ EV+5 Slay+3}
   171 | D        | Entered arena 5.
   171 | D        | Noticed a draconian
   171 | D        | Noticed a draconian
   171 | D        | Noticed a draconian
   171 | D        | Noticed a white draconian
   171 | D        | Found a transporter.
   190 | D        | Killed a draconian
   190 | D        | Reached skill level 9 in Unarmed Combat
   196 | D        | Killed a white draconian
   196 | D        | Reached skill level 5 in Armour
   196 | D        | Reached skill level 5 in Shields
   196 | D        | Reached skill level 10 in Unarmed Combat
   196 | D        | Reached XP level 8. HP: 31/91 MP: 7/7
   205 | D        | Killed a draconian
   205 | D        | Reached ***** piety under Wu Jian
   205 | D        | Reached XP level 9. HP: 16/98 MP: 8/8
   208 | D        | Killed Urug
   212 | D        | Killed a draconian
   212 | D        | Reached skill level 11 in Unarmed Combat
   291 | D        | Killed Menkaure
   368 | D        | Entered arena 6.
   368 | D        | Noticed a jumping spider
   368 | D        | Noticed a jumping spider
   368 | D        | Noticed a jumping spider
   368 | D        | Found a transporter.
   378 | D        | Killed a jumping spider
   387 | D        | Killed a jumping spider
   389 | D        | Killed a jumping spider
   389 | D        | Reached skill level 10 in Fighting
   389 | D        | Reached skill level 10 in Dodging
   409 | D        | Entered arena 7.
   409 | D        | Noticed Ybext the pandemonium lord
   412 | D        | Found a transporter.
   424 | D        | Slain by Ybext the pandemonium lord

Vault maps used:
D:        sprint_v

Skill      XL: |  1  2  3  4  5  6  7  8  9 |
---------------+----------------------------+-----
Fighting       | 3 4 5 6 8 9 10 | 10.1
Armour         | 1 2 3 4 5 6 |  6.7
Dodging        | 3 4 5 6 8 9 10 | 10.1
Shields        | 1 2 3 4 5 6 |  6.6
Unarmed Combat | 4 5 7 8 10 11 | 11.8
Stealth        | |  1.7

Action                   |  1- 3 |  4- 6 |  7- 9 || total
-------------------------+-------+-------+-------++-------
Melee: Unarmed           |    12 |    18 |    81 ||   111
Invok: Serpent's Lash    |       |       |     1 ||     1
       Heavenly Storm    |       |       |     1 ||     1
Evoke: Wand              |       |       |     1 ||     1
  Use: Potion            |     2 |       |     2 ||     4
 Stab: Sleeping          |     2 |       |       ||     2
  Eat: Chunk             |       |       |     9 ||     9
Armor: Skin              |     3 |       |       ||     3
       Robe              |       |       |     1 ||     1
       Gold dragon scale |       |       |    20 ||    20
Dodge: Dodged            |    14 |     8 |     6 ||    28
Block: Shield            |       |    17 |    63 ||    80
